 Dungeon Sprint DCSS version 0.23.2-1-ga50397a (webtiles) character file.

Game seed: 9647528226000194289

2396 doot the Basher (level 9, -2/93 HPs)
             Began as a Gargoyle Gladiator on Apr 24, 2019.
             Was an Elder of Okawaru.
             Incinerated by a smoke demon (3 damage)
             ... with a sticky flame
             ... in the Dungeon (Sprint VII: "The Pits").
             The game lasted 00:05:26 (1270 turns).

doot the Basher (Gargoyle Gladiator)                Turns: 1270, Time: 00:05:26

Health: -2/93      AC: 24    Str: 25    XL:     9   Next: 46%
Magic:  9/9        EV: 10    Int: 10    God:    Okawaru [****..]
Gold:   0          SH:  0    Dex: 11    Spells: 8/8 levels left

rFire    . . .     SeeInvis .   y - +2 morningstar (holy)
rCold    . . .     Gourm    .   (no shield)
rNeg     + . .     Faith    .   x - +3 plate armour
rPois    ∞         Spirit   .   c - +0 helmet
rElec    +         Reflect  .   (no cloak)
rCorr    .         Harm     .   (no gloves)
MR       .....     NoTele   +   (no boots)
Stlth    ..........             (no amulet)
HPRegen  0.25/turn              (no ring)
MPRegen  0.11/turn              (no ring)

@: berserking, liquid flames, glowing, very quick
A: negative energy resistance 1, electricity resistance, unbreathing,
petrification resistance, rot immunity, AC +6
a: Heroism, Renounce Religion


You were in the Dungeon.
You worshipped Okawaru.
Okawaru was greatly pleased with you.
You were not hungry.

You visited 1 branch

Inventory:

Hand Weapons
 a - a +0 flail
 l - a +2 mace
 r - a +1 flail of protection
 y - a +2 morningstar of holy wrath (weapon)
Missiles
 d - 3 throwing nets (quivered)
Armour
 b - a +0 leather armour
 c - a +0 helmet (worn)
 q - a +2 plate armour
 x - a +3 plate armour (worn)
Jewellery
 u - a +3 ring of intelligence
 v - a +3 ring of intelligence
Scrolls
 k - a scroll of blinking
 n - 3 scrolls of remove curse
 o - 5 scrolls of amnesia
 p - a scroll of summoning
Potions
 e - 7 potions of curing
 g - 12 potions of heal wounds
 h - a potion of haste
 i - 4 potions of magic
 j - 5 potions of berserk rage
 m - 2 potions of invisibility
 t - a potion of agility
 w - a potion of mutation
Comestibles
 f - 9 rations
 s - 4 chunks of flesh


   Skills:
 + Level 10.1 Fighting
 + Level 14.6 Maces & Flails
 + Level 3.7 Throwing
 + Level 9.1 Armour
 + Level 6.8 Dodging
 + Level 2.7 Stealth


You had 8 spell levels left.
You didn't know any spells.
Your spell library was empty.

Dungeon Overview and Level Annotations

Branches:
Dungeon (1/1)

Altars:
Ashenzari
Cheibriados
Dithmenos
Elyvilon
Fedhas
Gozag
Hepliaklqana
Kikubaaqudgha
Makhleb
Nemelex Xobeh
Okawaru
Qazlal
Ru
Sif Muna
Trog
Uskayaw
Vehumet
Wu Jian
Xom
Yredelemnul
Zin
The Shining One
Beogh
Jiyva
Lugonu


Innate Abilities, Weirdness & Mutations

You are resistant to torment.
Your stone body is resilient. (AC +6)
You are immune to poison.
You resist negative energy. (rN+)
You are resistant to electric shocks. (rElec)
You can survive without breathing.
You are immune to petrification.
You are immune to rotting.


Message History

The smoke demon gestures at you.
The ball of steam hits you but does no damage.
You puncture the smoke demon!
You kill the smoke demon!
Okawaru is honoured by your kill.
Your Fighting skill increases to level 10!
Your Armour skill increases to level 9!
You are engulfed in a cloud of scalding steam.
* * * LOW HITPOINT WARNING * * *
You are covered in liquid flames!
* * * LOW HITPOINT WARNING * * *
You completely miss something.
You are engulfed in a cloud of scalding steam.
You are covered in liquid flames!
* * * LOW HITPOINT WARNING * * *
You are too berserk!
You barely miss something.
You are engulfed in a cloud of scalding steam.
You are covered in liquid flames!
You die...

############ #_________.#
#_________.#
#_______...###########++#
##########'##............
#.?()')))'.##......#..#..
##########.##............
#.....§§@†..'............
#)#####'#####......#..#..
#.#...).#..##...)........
#)#.....#).#####)#####''#
#.###'###))##.......##''#
#.#.....#))##.......##...
#(#.....#.[##.......##...
#(####)##'###...<...##..#
#(#........##.......##..+


There were no monsters in sight!

Vanquished Creatures
  A smoke demon (D)
  5 dream sheep (D)
  A redback (D)
  Sigmund (D)
  A swamp drake (D)
  A small abomination (D)
  A floating eye (D)
  An orc warrior (D)
  A crocodile (D)
  5 killer bees (D)
  A gnoll shaman (D)
  2 jellies (D)
  An orc priest (D)
  An orc wizard (D)
  An iron imp (D)
  A gnoll (D)
  An adder (D)
  A worm (D)
  A leopard gecko (D)
  3 orcs (D)
  A bat (D)
  A bat skeleton (D)
  A bat zombie (D)
  2 kobolds (D)
  A frilled lizard (D)
  A rat (D)
38 creatures vanquished.

Notes
Turn   | Place    | Note
-------+----------+-------------------------------------------
     0 | D        | doot the Gargoyle Gladiator began the quest for the Orb.
     0 | D        | Reached XP level 1. HP: 12/12 MP: 1/1
    16 | D        | Found a bloodstained altar of Trog.
    16 | D        | Found a deep blue altar of Sif Muna.
    16 | D        | Found a viscous altar of Jiyva.
    16 | D        | Found a hazy altar of Hepliaklqana.
    16 | D        | Found an opulent altar of Gozag.
    17 | D        | Found a glowing golden altar of the Shining One.
    17 | D        | Found a glowing silver altar of Zin.
    17 | D        | Found a basalt altar of Yredelemnul.
    17 | D        | Found a shimmering altar of Xom.
    17 | D        | Found an ornate altar of the Wu Jian Council.
    17 | D        | Found a sacrificial altar of Ru.
    17 | D        | Found a stormy altar of Qazlal.
    17 | D        | Found an iron altar of Okawaru.
    17 | D        | Found a sparkling altar of Nemelex Xobeh.
    17 | D        | Found a burning altar of Makhleb.
    17 | D        | Found a blossoming altar of Fedhas.
    17 | D        | Found a white marble altar of Elyvilon.
    17 | D        | Found a shadowy altar of Dithmenos.
    17 | D        | Found a snail-covered altar of Cheibriados.
    18 | D        | Found a radiant altar of Vehumet.
    18 | D        | Found a corrupted altar of Lugonu.
    18 | D        | Found a roughly hewn altar of Beogh.
    19 | D        | Found a hide-covered altar of Uskayaw.
    19 | D        | Found an ancient bone altar of Kikubaaqudgha.
    19 | D        | Found a shattered altar of Ashenzari.
    23 | D        | Became a worshipper of Warmaster Okawaru
    68 | D        | Noticed a floating eye
    71 | D        | Killed a floating eye
    71 | D        | Reached skill level 6 in Maces & Flails
    71 | D        | Reached skill level 5 in Dodging
    71 | D        | Reached XP level 2. HP: 20/20 MP: 2/2
    71 | D        | Reached XP level 3. HP: 24/24 MP: 3/3
    71 | D        | Reached XP level 4. HP: 29/29 MP: 4/4
    94 | D        | Reached XP level 5. HP: 17/33 MP: 5/5
   243 | D        | Reached * piety under Okawaru
   243 | D        | Reached skill level 7 in Maces & Flails
   243 | D        | Reached skill level 1 in Armour
   534 | D        | Noticed Sigmund
   639 | D        | Killed Sigmund
   639 | D        | Reached skill level 5 in Fighting
   639 | D        | Reached skill level 9 in Maces & Flails
   639 | D        | Reached skill level 1 in Stealth
   639 | D        | Reached XP level 6. HP: 25/40 MP: 6/6
   793 | D        | Noticed a swamp drake
   800 | D        | Killed a swamp drake
   800 | D        | Reached skill level 10 in Maces & Flails
   800 | D        | Reached skill level 5 in Armour
   800 | D        | Reached XP level 7. HP: 45/45 MP: 7/7
   856 | D        | Reached ** piety under Okawaru
   949 | D        | Noticed a dream sheep
   949 | D        | Noticed a dream sheep
   949 | D        | Noticed a dream sheep
   949 | D        | Noticed a dream sheep
   950 | D        | Noticed a dream sheep
   956 | D        | Killed a dream sheep
   956 | D        | Reached skill level 11 in Maces & Flails
   974 | D        | Killed a dream sheep
   974 | D        | Reached skill level 12 in Maces & Flails
   974 | D        | Reached XP level 8. HP: 51/53 MP: 8/8
   981 | D        | Killed a dream sheep
   981 | D        | Reached *** piety under Okawaru
   984 | D        | Killed a dream sheep
   986 | D        | Killed a dream sheep
   986 | D        | Reached skill level 13 in Maces & Flails
  1004 | D        | Reached **** piety under Okawaru
  1012 | D        | Reached XP level 9. HP: 53/60 MP: 9/9
  1224 | D        | Noticed a smoke demon
  1256 | D        | Reached skill level 14 in Maces & Flails
  1267 | D        | HP: 3/93 [burnt (4)]
  1268 | D        | Killed a smoke demon
  1268 | D        | Reached skill level 10 in Fighting
  1268 | D        | HP: 1/93 [burnt (1)]
  1270 | D        | Incinerated by a smoke demon

Skill      XL: |  1  2  3  4  5  6  7  8  9 |
---------------+----------------------------+-----
Throwing       | 3 |  3.7
Dodging        | 5 6 |  6.8
Fighting       | 3 5 7 9 10 | 10.1
Maces & Flails | 6 9 10 12 13 14 | 14.6
Armour         | 3 5 7 8 9 |  9.1
Stealth        | 1 2 |  2.7

Action                   |  1- 3 |  4- 6 |  7- 9 || total
-------------------------+-------+-------+-------++-------
Melee: Mace              |     5 |    20 |       ||    25
       Flail             |     1 |    48 |    89 ||   138
       Morningstar       |       |       |    37 ||    37
  Use: Potion            |       |       |     1 ||     1
  Eat: Chunk             |       |       |     1 ||     1
Armor: Leather armour    |     1 |     8 |       ||     9
       Plate armour      |       |    41 |   102 ||   143
Dodge: Dodged            |       |    32 |    58 ||    90
